 Dungeon Crawl Stone Soup version 0.30-a0-149-g7f746667c4 (webtiles) character file.

Game seed: 15203168175635253552

755 Lolow the Conjurer (level 7, -4/55 HPs)
             Began as a Purple Draconian Conjurer on Sept 26, 2022.
             Was a Priest of Zin.
             Slain by an ice beast (13 damage)
             ... on level 5 of the Dungeon.
             The game lasted 00:40:24 (5365 turns).

Lolow the Conjurer (Purple Draconian Conjurer)      Turns: 5365, Time: 00:40:25

Health: -4/55      AC:  8    Str: 12    XL:     7   Next: 49%
Magic:  11/13      EV: 12    Int: 20    God:    Zin [***...]
Gold:   117        SH:  0    Dex: 10    Spells: 8/14 levels left

rFire   . . .      SeeInvis .    C - +4 dagger
rCold   . . .      Faith    .    (no shield)
rNeg    + . .      Spirit   .    (body armour unavailable)
rPois   ∞          Reflect  .    (helmet restricted)
rElec   .          Harm     .    x - +1 cloak
rCorr   .          Rampage  .    (no gloves)
Will    +....                    (no boots)
Stlth   ++........               (no amulet)
HPRegen 0.18/turn                h - ring of positive energy
MPRegen 0.13/turn                (no ring)

@: vitalised, short of breath, slowed, very slow
A: breathe power, AC +6, unfitting armour, cold-blooded
a: Breathe Dispelling Energy, Renounce Religion, Recite, Vitalisation, Imprison,
Donate Gold


You were on level 5 of the Dungeon.
You worshipped Zin.
Zin was most pleased with you.
You visited 2 branches of the dungeon, and saw 6 of its levels.

You collected 236 gold pieces.
You donated 119 gold pieces to Zin.

Inventory:

Hand Weapons
 d - a +0 short sword
 g - a +0 dagger
 l - a +0 lajatang
 t - the +6 dagger of Igaucavo {chaos, rElec}
   (You found it on level 2 of the Dungeon)

   Each time it hits an enemy it has a different, random effect.
   rElec:     It insulates you from electricity.
   Zin disapproves of the use of such an item.
 v - a +0 quarterstaff
 C - a +4 dagger (weapon)
 D - a +0 sling
Missiles
 q - 15 stones
Armour
 b - a +0 ring mail
 m - a +0 leather armour
 x - a +1 cloak (worn)
 y - a +2 robe of positive energy
 z - the +0 robe of Weetiyh {Str+7}
   (You found it on level 3 of the Dungeon)

   Str:       It affects your strength (+7).
Jewellery
 h - a ring of positive energy (left hand)
 o - a +6 ring of intelligence
 B - a +6 ring of intelligence
Scrolls
 c - a scroll of amnesia
 f - a scroll of magic mapping {unknown}
 j - a scroll of acquirement {unknown}
 k - a scroll of enchant armour {unknown}
 E - a scroll of fear {unknown}
Potions
 a - 2 potions of magic
 e - a potion of degeneration {unknown}
 i - 2 potions of berserk rage {unknown}
 n - 2 potions of might
 p - 2 potions of resistance
 r - a potion of cancellation {unknown}
 s - a potion of haste {unknown}
 u - a potion of ambrosia
 w - a potion of lignification {unknown}
 A - a potion of attraction {unknown}


   Skills:
 + Level 2.0 Fighting
 + Level 3.1 Short Blades
 + Level 1.9 Throwing
 + Level 3.5 Dodging
 + Level 3.3 Stealth
 + Level 4.2 Spellcasting
 + Level 5.4 Conjurations
 - Level 1.0 Invocations


You had 8 spell levels left.
You knew the following spells:

 Your Spells              Type           Power      Damage    Failure   Level
a - Magic Dart            Conj           100%       1d8       1%          1
b - Searing Ray           Conj           52%        2d6       1%          2
c - Dazzling Flash        Conj/Hex       30%        N/A       12%         3

Your spell library contained the following spells:

 Spells                   Type           Power      Damage    Failure   Level
 Fulminant Prism          Conj/Hex       7%         3d7       38%         4
 Iskenderun's Mystic Bla  Conj/Tloc      15%        2d5       38%         4


Dungeon Overview and Level Annotations

Branches:
Dungeon (5/15)             Temple (1/1) D:5

Altars:
Cheibriados
Fedhas
Hepliaklqana
Kikubaaqudgha
Okawaru
Qazlal
Sif Muna
Uskayaw
Vehumet
Xom
Zin
The Shining One

Shops:
D:3 *

Annotations:
D:3 Sigmund


Innate Abilities, Weirdness & Mutations

You can breathe bolts of dispelling energy.
Your rich purple scales are hard. (AC +6)
You cannot fit into any form of body armour.
You are cold-blooded and may be slowed by cold attacks.


Message History

The ice beast hits you. The ice beast freezes you!
You feel yourself slow down.
The wyvern skeleton attacks as you move away!
The wyvern skeleton bites you!
* * * LOW HITPOINT WARNING * * *
The ice beast hits you. The ice beast freezes you!
You feel as though you will be slow longer.
* * * LOW HITPOINT WARNING * * *
The wyvern skeleton bites you but does no damage.
You are too confused!
Okay, then.
The ice beast attacks as you move away! The ice beast completely misses you.
Okay, then.
You feel less invigorated.
You feel less confused.
Aiming: Breathe Dispelling Energy (5% risk of failure)
Press: ? - help, Shift-Dir - straight line, f/p - ice beast
Aim: an ice beast (heavily wounded, 53% to hit)
You breathe a bolt of dispelling energy.
The bolt of dispelling energy hits the ice beast.
The ice beast is heavily wounded.
The bolt of dispelling energy hits the wyvern skeleton.
The wyvern skeleton is lightly damaged.
You feel yourself speed up.
The ice beast hits you but does no damage.
The wyvern skeleton bites you!
* * * LOW HITPOINT WARNING * * *
Okay, then.
Aiming: Imprison (52% risk of failure)
Press: ? - help, Dir - move target, f - wyvern skeleton, p - ice beast
Aim: a wyvern skeleton (lightly damaged)
You need more space to imprison the wyvern skeleton.
Aiming: Imprison (52% risk of failure)
Press: ? - help, Dir - move target, f - ice beast, p - wyvern skeleton
Aim: an ice beast (heavily wounded)
You need more space to imprison the ice beast.
Zin grants you divine stamina. The wyvern skeleton closely misses you.
The ice beast hits you.
* * * LOW HITPOINT WARNING * * *
The ice beast freezes you!
You feel yourself slow down.
You die...

o. ..#####....####......
.. .... .'....#.........
.> ..... #....#.........#
.o ..... #....#...<# #..
.. ......#....#....# #..
.. ......#....#....# #..
.. ................# ###
.. .......####'####....#
.......#.@Y....#....######
.......#..Z....#..........
.......'...>...#..........
.......#.......#.#........
#......#.......#.##...##..
.......####'####.# ...##..
.................#######..
..........................
..........##..............


You could see an ice beast and a wyvern skeleton.

Vanquished Creatures
  3 phantoms
  A bullfrog (D:5)
  2 necrophages
  A scorpion (D:5)
  A howler monkey (D:4)
  A bullfrog zombie (D:5)
  A bullfrog skeleton (D:5)
  A centaur skeleton (D:5)
  A scorpion zombie (D:5)
  A hound zombie (D:5)
  4 adders
  A shadow imp (D:5)
  2 worms
  2 dart slugs
  An orc (D:4)
  5 ball pythons
  12 endoplasms
  4 giant cockroaches
  2 goblins
  5 hobgoblins
  4 quokkas
  3 bats
  A frilled lizard (D:1)
  6 kobolds
  8 rats
73 creatures vanquished.

Vanquished Creatures (others)
  2 withered plants (D:5)
2 creatures vanquished.

Grand Total: 75 creatures vanquished

Notes
Turn   | Place    | Note
-------+----------+-------------------------------------------
     0 | D:1      | Lolow the Draconian Conjurer began the quest for the Orb.
     0 | D:1      | Reached XP level 1. HP: 14/14 MP: 3/3
   514 | D:1      | Found a faded altar of an unknown god.
   522 | D:1      | Prayed at the altar of an unknown god.
   522 | D:1      | Became a worshipper of Zin the Law-Giver
   522 | D:1      | Reached * piety under Zin
   523 | D:1      | Donated 23 gold pieces to Zin
   580 | D:1      | Reached XP level 2. HP: 20/20 MP: 0/5
   589 | D:1      | Learned a level 2 spell: Searing Ray
  1036 | D:2      | HP: 1/20 [worm (3)]
  1037 | D:2      | Zin protects you from harm!
  1055 | D:2      | HP: 1/20 [ball python (1)]
  1458 | D:2      | Reached ** piety under Zin
  1494 | D:2      | Reached XP level 3. HP: 26/26 MP: 3/6
  1640 | D:2      | Identified the +6 dagger of Igaucavo {chaos, rElec}
  2387 | D:3      | Found Iwkur's Assorted Antiques.
  2594 | D:3      | Identified the +0 robe of Weetiyh {Str+7}
  2619 | D:3      | Noticed a necrophage
  2636 | D:3      | Killed a necrophage
  2637 | D:3      | Reached skill level 5 in Conjurations
  2637 | D:3      | Reached XP level 4. HP: 21/34 MP: 2/7
  2755 | D:3      | Learned a level 3 spell: Dazzling Flash
  2931 | D:3      | Noticed Sigmund
  3235 | D:4      | Reached skill level 1 in Short Blades
  3235 | D:4      | Reached XP level 5. HP: 39/39 MP: 4/9
  3323 | D:4      | Reached *** piety under Zin
  3596 | D:4      | Noticed a phantom
  3710 | D:4      | Noticed an orc warrior
  3725 | D:5      | Entered Level 5 of the Dungeon
  3725 | D:5      | Noticed an ogre
  3931 | D:5      | Reached skill level 1 in Fighting
  3931 | D:5      | Reached skill level 1 in Throwing
  4083 | D:5      | Reached skill level 1 in Invocations
  4083 | D:5      | Reached XP level 6. HP: 34/47 MP: 4/10
  4247 | D:4      | Donated 73 gold pieces to Zin
  4787 | D:5      | Noticed an ice beast
  4802 | D:5      | Your scales start taking on a rich purple colour.
  4802 | D:5      | Reached XP level 7. HP: 47/52 MP: 3/12
  5094 | D:5      | Found a staircase to the Ecumenical Temple.
  5100 | Temple   | Entered the Ecumenical Temple
  5365 | D:5      | Slain by an ice beast

Illustrated notes

Levels and vault maps discovered:
D:1:      lemuel_arrival_broad_hall, layout_basic, basic_ecumenical_altar,
          dk_noncrumbling_4, minmay_misc_feat_plants
D:2:      layout_basic
D:3:      layout_loops_ring, serial_shops, shop, minmay_checkerbox, uniq_sigmund
D:4:      layout_cave_pods
D:5:      layout_basic, nicolae_overflow_hallway_of_the_gods, temple_green,
          serial_undead, serial_undead_f, serial_undead_e, serial_undead_a,
          serial_undead_b, serial_undead_d, minmay_misc_feat_rows,
          minmay_fractal_squares_diagonal_5
Temple:   chequers_temple_sunken

Skill      XL: |  1  2  3  4  5  6  7 |
---------------+----------------------+-----
Dodging        | 2 3 |  3.5
Stealth        | 2 3 |  3.3
Conjurations   | 5 |  5.4
Short Blades   | 1 2 3 |  3.1
Fighting       | 1 2 |  2.0
Throwing       | 1 |  1.9
Spellcasting   | 3 4 |  4.2
Invocations    | 1 |  1.0

Action                   |  1- 3 |  4- 6 |  7- 9 || total
-------------------------+-------+-------+-------++-------
Melee: Unarmed           |     7 |       |       ||     7
       Short sword       |    56 |     5 |       ||    61
       Tailslap          |     9 |     9 |     7 ||    25
       Dagger            |       |    55 |    54 ||   109
Throw: Stone             |    14 |     1 |       ||    15
       Javelin           |       |    11 |       ||    11
 Cast: Magic Dart        |    17 |    13 |       ||    30
       Searing Ray       |    20 |    12 |     1 ||    33
       Dazzling Flash    |       |     1 |       ||     1
Invok: Donate Gold       |     1 |     1 |       ||     2
       Vitalisation      |       |       |     1 ||     1
 Abil: Breathe Dispellin |       |       |     4 ||     4
  Use: Scroll            |     7 |     4 |       ||    11
       Potion            |       |     1 |     1 ||     2
 Stab: Sleeping          |     2 |     2 |       ||     4
       Invisible         |       |     1 |       ||     1
Armor: Skin              |    32 |    33 |    42 ||   107
Dodge: Dodged            |    36 |    55 |    45 ||   136

Table legend: (Time is in decaauts)
 A = Elapsed time spent in this place.
 B = Non-inter-level travel time spent in this place.
 C = Inter-level travel time spent in this place.
 D = Time resting spent in this place.
 E = Time spent auto-exploring this place.
 F = Levels seen in this place.
 G = Mean time per level.
                   A        B        C        D        E       F      G
               +--------+--------+--------+--------+--------+-----+--------+
         Total |   5431 |   5431 |      0 |   1775 |   1753 |   6 |  905.2 |
       Dungeon |   5123 |   5123 |      0 |   1775 |   1554 |   5 | 1024.6 |
        Temple |    307 |    307 |      0 |      0 |    199 |   1 |  307.0 |
               +--------+--------+--------+--------+--------+-----+--------+

Top non-repeatable levels by time:
     D:2: 1350 daAuts
     D:3: 994 daAuts
     D:4: 968 daAuts
     D:5: 929 daAuts
     D:1: 880 daAuts
  Temple: 307 daAuts
